AoeStats
← mostl22

Four Lakes

510091102Analyzed
1v1 RM · 3d ago on Sep 29, 2026· 40m 36s· 2 players
Game mode
Random Map
Map size
Tiny (2 player)
Population
200
Speed
Normal
Resources
Standard
Victory
Conquest
Starting age
Dark Age
Ending age
Imperial Age
RankedLock teamsTeams togetherTeam positionsShared explorationLock speedFull tech treeHidden civsTurbo modeCheats
Victory
Defeat
🇩🇪 Lithuanians · Germany
953
+16
🇩🇪 Inca · Germany
963
-16
mostl22
10:44 Loom
12:31 Feudal Age
13:53 Double-Bit Axe
13:56 Fishing Lines
18:05 Castle Age
17:22 Stone Mining
17:24 Gold Mining
20:02 Gillnets
24:08 Bloodlines
25:41 Fletching
28:29 Imperial Age
26:42 Medium Warships
26:48 Scale Barding Armor
27:27 Forging
28:23 Horse Collar
29:38 Chain Barding Armor
30:37 Iron Casting
31:49 Plate Barding Armor
33:25 Conscription
35:13 Wheelbarrow
34:27 Elite Leitis
37:59 Heavy Warships
39:56 Capped Ram
Gurken Freund Gert Gumpisch
10:45 Feudal Age
9:10 Loom
16:14 Castle Age
14:34 Double-Bit Axe
16:03 Stone Mining
17:33 Bow Saw
18:03 Horse Collar
18:22 Fishing Lines
19:49 Forging
19:40 Scale Mail Armor
22:42 Arson
24:27 Iron Casting
26:20 Wheelbarrow
26:22 Gold Mining
26:55 Heavy Plow
28:25 Chain Mail Armor
28:18 Gillnets
35:37 Imperial Age
35:37 Hand Cart
37:34 Crop Rotation
38:24 Blast Furnace
37:55 Plate Mail Armor
Connection lost

Rejoining the realm…

Still unreachable

The connection could not be restored.

Session expired

The server has moved on; the page needs a fresh start.